 Dungeon Crawl Stone Soup version 0.29-a0-82-g837932c90e (webtiles) character file.

Game seed: 7611217260541517432

539 tilp the Chiller (level 5, 25/25 HPs)
             Began as a Felid Ice Elementalist on Feb 4, 2022.
             Was a Believer of Ru.
             Quit the game on level 7 of the Dungeon.
             The game lasted 00:09:25 (7263 turns).

tilp the Chiller (Felid Ice Elementalist)           Turns: 7263, Time: 00:09:26

Health: 25/25      AC:  2    Str:  4    XL:     5   Next: 5%
Magic:  10/10      EV: 22    Int: 18    God:    Ru [**....]
Gold:   307        SH:  0    Dex: 17    Spells: 3/10 levels left
                                        Lives:  1   Deaths: 1

rFire   . . .      SeeInvis +     - Unarmed
rCold   . . .      Faith    .   (shield unavailable)
rNeg    + . .      Spirit   .   (armour unavailable)
rPois   .          Reflect  .   (helmet unavailable)
rElec   .          Harm     .   (cloak unavailable)
rCorr   .          Rampage  .   (gloves unavailable)
Will    .....                   (boots unavailable)
Stlth   +++.......              (no amulet)
HPRegen 0.08/turn               a - ring of positive energy
MPRegen 0.12/turn               c - +4 ring of evasion

@: quick
A: very small, claws 1, fangs 3, see invisible, speed 1, shaggy fur 2,
inexperienced 1, stealthy paws, no weapons or thrown items, no armour,
multi-lived
a: Renounce Religion


You were on level 7 of the Dungeon.
You worshipped Ru.
Ru was pleased with you.
You visited 1 branch of the dungeon, and saw 7 of its levels.

You collected 307 gold pieces.

Inventory:

Jewellery
 a - a ring of positive energy (left paw)
 c - a +4 ring of evasion (right paw)
 f - an amulet of guardian spirit
 k - a +6 ring of strength
 n - a ring of positive energy
Potions
 b - a potion of ambrosia {unknown}
 d - 3 potions of flight
 e - a potion of brilliance
 g - a potion of heal wounds {unknown}
 h - a potion of attraction {unknown}
 i - 2 potions of curing
 j - a potion of cancellation {unknown}
 l - a potion of might {unknown}
 m - a potion of berserk rage {unknown}
 p - a potion of invisibility {unknown}


   Skills:
 - Level 4.0 Fighting
 - Level 4.0 Dodging
 + Level 5.9 Stealth
 - Level 4.0 Unarmed Combat
 - Level 3.0 Spellcasting
 - Level 6.0 Ice Magic


You had 3 spell levels left.
You knew the following spells:

 Your Spells              Type           Power      Damage    Failure   Level
a - Freeze                Ice            96%        1d11      1%          1
b - Frozen Ramparts       Ice            48%        1d6       4%          3
c - Ozocubu's Armour      Ice            24%        N/A       4%          3

Your spell library contained the following spells:

 Spells                   Type           Power      Damage    Failure   Level
 Hailstorm                Conj/Ice       13%        3d5       43%         4


Dungeon Overview and Level Annotations

Branches:
Dungeon (7/15)             Temple (0/1) D:5

Altars:
Dithmenos
Ru
Vehumet
Xom
Zin

Shops:
D:6 [

Annotations:
D:3 1 runed translucent door, Protee's ghost, amateur KoEn
D:4 3 runed translucent doors, wilfster70's ghost, amateur HOFi
D:6 Grinder
D:7 Duvessa


Innate Abilities, Weirdness & Mutations

You have sharp claws.
You have razor-sharp teeth.
You have supernaturally acute eyesight. (SInv)
You cover ground quickly. (Speed+)
You are covered in thick fur. (AC +2)
You are somewhat inexperienced. (-2 XL)
Your paws help you pounce on unaware monsters.
You are incapable of wielding weapons or throwing items.
You cannot wear armour.
You gain extra lives every three experience levels.


Message History

Duvessa drinks a potion.
Duvessa is healed!
Dowan misses you. Duvessa hits you with a +0 short sword!
Unknown command.
You feel better. Dowan closely misses you.
Duvessa hits you with a +0 short sword.
Unknown command.
Unknown command.
Casting: Freeze (safe; 1% risk of failure)
Confirm with . or Enter, or press ? or * to list all spells.
Aiming: Freeze (safe; 1% risk of failure)
Press: ? - help, Shift-Dir - straight line, f/p - Duvessa
Aim: Duvessa, wielding a +0 short sword and wearing a +0 scale mail (heavily wounded, fast)
You freeze Duvessa!
Duvessa is severely wounded.
You redirect Duvessa's attack!
Duvessa hits Dowan with a +0 short sword!
Dowan dies!
Duvessa screams in horror.
Duvessa goes berserk!
The howler monkey skeleton barely misses you.
Duvessa completely misses you.
Unknown command.
Unknown command.
Okay, then.
You aren't carrying any scrolls.
Unknown command.
Your icy armour will break if you move.
Continue?
Your icy armour cracks and falls away as you move.
Duvessa misses you. Duvessa hits you with a +0 short sword.
You focus your inner power and illuminate Duvessa in retribution!
Duvessa stops glowing.
Duvessa hits you with a +0 short sword!!
Ouch! That really hurt!
You die...
You are now level 5!
You rejoin the land of the living...
Unknown command.
Unknown command.
Are you sure you want to abandon this character and quit the game? (Confirm with "yes".)

#.# #..#
#........
#.# #>..
####...##
#.## z##
#. #. # #
#.
#.##.####
.......
#...# #@#
#.# #.#
#.# #.#
#.# #.#
#..


There were no monsters in sight!

Vanquished Creatures
  A necrophage (D:4)
  A centaur (D:6)
  A bullfrog (D:6)
  A scorpion (D:5)
  2 water moccasin skeletons
  4 howler monkeys
  A bullfrog zombie (D:5)
  2 centaur zombies (D:6)
  3 hounds
  3 orc wizards
  4 gnolls (D:3)
  7 adders
  A shadow imp (D:6)
  A worm (D:2)
  3 dart slugs
  14 orcs
  11 ball pythons
  3 bats
  5 endoplasms
  3 giant cockroaches
  6 goblins
  6 hobgoblins
  A jackal (D:2)
  2 quokkas
  A frilled lizard (D:1)
  4 kobolds
  2 rats (D:1)
93 creatures vanquished.

Vanquished Creatures (others)
  Dowan (D:7)
  2 withered plants (D:3)
3 creatures vanquished.

Grand Total: 96 creatures vanquished

Notes
Turn   | Place    | Note
-------+----------+-------------------------------------------
     0 | D:1      | tilp the Felid Ice Elementalist began the quest for the
                  | Orb.
     0 | D:1      | Reached XP level 1. HP: 7/7 MP: 4/4
   438 | D:1      | Reached XP level 2. HP: 11/11 MP: 3/6
   777 | D:1      | Reached skill level 4 in Ice Magic
  1349 | D:2      | Reached XP level 3. HP: 5/14 MP: 4/7
  1778 | D:2      | Learned a level 3 spell: Frozen Ramparts
  1798 | D:2      | Learned a level 3 spell: Ozocubu's Armour
  2071 | D:2      | Reached XP level 4. HP: 14/18 MP: 3/9
  2380 | D:3      | Reached skill level 5 in Ice Magic
  2609 | D:3      | Found a runed translucent door.
  2610 | D:3      | Noticed Protee's ghost (amateur KoEn)
  2671 | D:3      | Found a faded altar of an unknown god.
  2684 | D:3      | Reached XP level 5. HP: 17/21 MP: 3/10
  3619 | D:3      | Reached skill level 6 in Ice Magic
  3827 | D:4      | Noticed a necrophage
  3876 | D:4      | Gained mutation: You are covered in thick fur. (AC +2)
                  | [Felid growth]
  3876 | D:4      | Reached XP level 6. HP: 25/25 MP: 5/11
  4303 | D:4      | Reached skill level 1 in Fighting
  4303 | D:4      | Reached skill level 1 in Unarmed Combat
  4498 | D:4      | Found a sacrificial altar of Ru.
  4538 | D:4      | Became a worshipper of Ru the Awakened
  4761 | D:4      | Found a runed translucent gate.
  4761 | D:4      | Found a runed translucent gate.
  4761 | D:4      | Found a runed translucent gate.
  4793 | D:4      | Noticed an ice beast
  4793 | D:4      | Noticed wilfster70's ghost (amateur HOFi)
  5049 | D:5      | Entered Level 5 of the Dungeon
  5200 | D:5      | Found a glowing silver altar of Zin.
  5324 | D:5      | Found a staircase to the Ecumenical Temple.
  5339 | D:5      | Reached XP level 7. HP: 26/30 MP: 3/12
  6295 | D:6      | Found Wehi's Antique Armour Boutique.
  6299 | D:6      | Found a shadowy altar of Dithmenos.
  6363 | D:6      | Noticed Grinder
  6541 | D:6      | Gained mutation: You are somewhat inexperienced. (-2 XL)
                  | [Ru sacrifice]
  6541 | D:6      | Reached XP level 6. HP: 28/28 MP: 11/11
  6541 | D:6      | Reached XP level 5. HP: 24/24 MP: 10/10
  6541 | D:6      | Reached * piety under Ru
  6541 | D:6      | Reached ** piety under Ru
  6573 | D:6      | Found a radiant altar of Vehumet.
  6573 | D:6      | Found a shimmering altar of Xom.
  7094 | D:7      | Reached skill level 5 in Stealth
  7096 | D:7      | Reached XP level 6. HP: 21/28 MP: 4/11
  7236 | D:7      | Noticed Duvessa
  7238 | D:7      | Noticed Dowan
  7248 | D:7      | Killed Dowan
  7262 | D:7      | Slain by Duvessa
  7263 | D:7      | Reached XP level 5. HP: -2/25 MP: 2/10
  7263 | D:7      | Quit the game

Illustrated notes

Levels and vault maps discovered:
D:1:      mrwooster_arrival_statue_3, layout_loops_ring
D:2:      layout_basic, minmay_3d_cube
D:3:      layout_loops_ring, basic_ecumenical_altar, gammafunk_ghost_grave
D:4:      layout_loops_corners, mainiacjoe_overflow_six_doors_small,
          gammafunk_ghost_icy
D:5:      layout_basic, zin_statuary, minmay_temple_entry_junction
D:6:      layout_rooms, lemuel_round_altar, grunt_temple_overflow_open,
          serial_shops, shop, uniq_grinder
D:7:      layout_loops_ring, serial_shops, shop, gammafunk_ghost_split,
          nicolae_water_bricks, minmay_a_box_with_orc_wizards_in_it,
          uniq_duvessa

Skill      XL: |  1  2  3  4  5  6  7 |
---------------+----------------------+-----
Ice Magic      | 4 5 6 |  6.0
Spellcasting   | 3 |  3.0
Fighting       | 4 2 3 |  4.0
Dodging        | 3 4 |  4.0
Stealth        | 5 3 4 |  5.9
Unarmed Combat | 4 2 3 |  4.0

Action                   |  1- 3 |  4- 6 |  7- 9 || total
-------------------------+-------+-------+-------++-------
Melee: Unarmed           |    18 |    88 |    46 ||   152
       Bite              |     1 |    14 |     5 ||    20
       Punch             |       |     1 |     2 ||     3
 Cast: Freeze            |    38 |    35 |     6 ||    79
       Frozen Ramparts   |     2 |    20 |     2 ||    24
       Ozocubu's Armour  |       |    13 |     5 ||    18
Invok: Sacrifice Experie |       |     1 |       ||     1
  Use: Potion            |     1 |     1 |       ||     2
       Scroll            |       |     7 |     1 ||     8
 Stab: Sleeping          |     5 |     3 |     1 ||     9
Armor: Skin              |     1 |    13 |    18 ||    32
Dodge: Dodged            |    39 |   110 |    64 ||   213

Table legend: (Time is in decaauts)
 A = Elapsed time spent in this place.
 B = Non-inter-level travel time spent in this place.
 C = Inter-level travel time spent in this place.
 D = Time resting spent in this place.
 E = Time spent auto-exploring this place.
 F = Levels seen in this place.
 G = Mean time per level.
                   A        B        C        D        E       F      G
               +--------+--------+--------+--------+--------+-----+--------+
         Total |   6437 |   6207 |    230 |    720 |   4644 |   7 |  919.6 |
       Dungeon |   6437 |   6207 |    230 |    720 |   4644 |   7 |  919.6 |
               +--------+--------+--------+--------+--------+-----+--------+

Top non-repeatable levels by time:
     D:2: 1346 daAuts
     D:3: 1095 daAuts
     D:4: 1080 daAuts
     D:5: 1007 daAuts
     D:1: 966 daAuts
     D:6: 734 daAuts
     D:7: 206 daAuts
